[Event "*** Titled Tuesday Blitz"]
[Site "Chess.com"]
[Date "2021.02.02"]
[Round "9"]
[White "Blitzking642"]
[Black "Gerryisplaying"]
[Result "0-1"]
[WhiteElo "2455"]
[BlackElo "2333"]
[TimeControl "180+1"]
[EndTime "11:41:50 PST"]
[Termination "Gerryisplaying won by resignation"]

1. e4 d5 2. exd5 Qxd5 3. Nc3 Qa5 4. d4 Nf6 5. Bc4 Bg4 6. Ne2 e6 7. Bd2 Qb6 8. h3 Bxe2 9. Qxe2 Nc6 10. Be3 Qxb2 11.
Kd2 Bb4 12. Rab1 Bxc3+ 0-1

[Event "*** Titled Tuesday Blitz"]
[Site "Chess.com"]
[Date "2021.02.02"]
[Round "9"]
[White "MoreChessJulia"]
[Black "andrewtnb"]
[Result "0-1"]
[WhiteElo "2157"]
[BlackElo "2299"]
[TimeControl "180+1"]
[EndTime "11:42:03 PST"]
[Termination "andrewtnb won by resignation"]

1. d4 Nf6 2. Bg5 e6 3. Nd2 d5 4. e3 c5 5. f4 b6 6. c3 Be7 7.
Ngf3 a5 8. Bb5+ Bd7 9. Bd3 Nc6 10.
O-O h6 11. Bxf6 gxf6 12. Rc1 c4 13. Bb1 f5 14. Ne5 Nxe5 15. fxe5 b5 16. a3 h5 17. Rf3 h4 18. Rh3 b4 19. axb4 axb4 20. g4 Rg8 21.
Nf1 fxg4 0-1

[Event "*** Titled Tuesday Blitz"]
[Site "Chess.com"]
[Date "2021.02.02"]
[Round "9"]
[White "Kovalchuk94"]
[Black "sokidze"]
[Result "1/2-1/2"]
[WhiteElo "2639"]
[BlackElo "2524"]
[TimeControl "180+1"]
[EndTime "11:42:07 PST"]
[Termination "Game drawn by repetition"]

1. e4 c5 2. Nf3 Nc6 3. d4 cxd4 4. Nxd4 g6 5. c4 Nf6 6. Nc3 d6 7. Be2 Nxd4 8. Qxd4 Bg7 9. Be3 O-O 10. Qd2 a5 11. O-O a4 12. Rab1 Qa5 13. Rfc1 Be6 14. f3 Rfc8 15. b4 axb3 16. axb3 Qb4 17. Na4 Qxd2 18. Bxd2 Nd7 19. Be3 f5 20. Bd3 Kf7 21. exf5 Bxf5 22. Bxf5 gxf5 23. Kf1 Rab8 24. Ba7 Ra8 25. Be3 Rab8 26.
Ba7 Ra8 27. Be3 1/2-1/2

[Event "*** Titled Tuesday Blitz"]
[Site "Chess.com"]
[Date "2021.02.02"]
[Round "9"]
[White "KaterinaMiroshnik"]
[Black "fmshawnrl123"]
[Result "0-1"]
[WhiteElo "2613"]
[BlackElo "2778"]
[TimeControl "180+1"]
[EndTime "11:42:24 PST"]
[Termination "fmshawnrl123 won by resignation"]

1. d4 Nf6 2. Nf3 e6 3. e3 d5 4.
Be2 Be7 5. O-O O-O 6. b3 c5 7. Bb2 Nc6 8. dxc5 Bxc5 9. Nbd2 Qe7 10. c4 Ba3 11. Qc1 Bxb2 12. Qxb2 Rd8 13. Rfd1 dxc4 14. Nxc4 b6 15. Nfe5 Bb7 16. Bf3 Nxe5 17. Nxe5 Bxf3 18.
Nxf3 Rxd1+ 19. Rxd1 Rd8 20. Rxd8+ Qxd8 21. Qc2 h6 22. h3 Nd5 23. Nd4 Qd7 24. Qc6 Qe7 25. Qc8+ Kh7 26. Nc6 Qa3 27. Nxa7 Qxa7 0-1

[Event "*** Titled Tuesday Blitz"]
[Site "Chess.com"]
[Date "2021.02.02"]
[Round "9"]
[White "FMJoseHerrera"]
[Black "Al_Shima"]
[Result "0-1"]
[WhiteElo "2459"]
[BlackElo "2303"]
[TimeControl "180+1"]
[EndTime "11:42:45 PST"]
[Termination "Al_Shima won by checkmate"]

1. f3 e5 2. Kf2 d5 3. g3 Bc5+ 4. Kg2 h5 5. h4 g5 6. d4 Bxd4 7. Bxg5 f6 8. Bc1 Be6 9. Nc3 Nc6 10. e4 Nge7 11. Bd3 Qd7 12. Nge2 O-O-O 13. Nxd4 exd4 14. Nxd5 Nxd5 15. exd5 Bxd5 16. Bf4 Ne5 17. Bxe5 fxe5 18.
Re1 Rdf8 19. Be4 Rhg8 20. Qd3 Be6 21. Kh2 Qg7 22. Rg1 c6 23. b4 Kc7 24. a4 Bc8 25. b5 Qd7 26. bxc6 Qh3# 0-1

[Event "*** Titled Tuesday Blitz"]
[Site "Chess.com"]
[Date "2021.02.02"]
[Round "9"]
[White "NateSolon"]
[Black "ARTHURMOTIVATOR"]
[Result "0-1"]
[WhiteElo "2497"]
[BlackElo "2310"]
[TimeControl "180+1"]
[EndTime "11:42:55 PST"]
[Termination "ARTHURMOTIVATOR won by resignation"]

1. d4 Nf6 2. c4 c5 3. d5 g6 4. Nc3 Bg7 5. e4 d6 6. Nf3 O-O 7. Be2 e6 8. O-O a6 9. Re1 e5 10. a3 Nh5 11. b4 Nd7 12. g3 h6 13.
Be3 f5 14. Nh4 Nf4 15. Bf1 Qf6 16. Qd2 Kh7 17. Rab1 Nh5 18. exf5 gxf5 19. Bd3 e4 20. Nxe4 fxe4 21. Bxe4+ Kg8 22. Bh7+ Kxh7 0-1

[Event "*** Titled Tuesday Blitz"]
[Site "Chess.com"]
[Date "2021.02.02"]
[Round "9"]
[White "Frolyanov_D"]
[Black "ShimanovAlex"]
[Result "1-0"]
[WhiteElo "2647"]
[BlackElo "2823"]
[TimeControl "180+1"]
[EndTime "11:42:56 PST"]
[Termination "Frolyanov_D won by resignation"]

1. d4 b6 2. c4 e6 3. Nc3 Bb4 4. Qc2 Bb7 5. e4 Nf6 6. Bd3 d6 7. Ne2 Bxc3+ 8. Nxc3 Nc6 9. Be3 Ng4 10. O-O Qh4 11. h3 Nxe3 12. fxe3 O-O 13. Qf2 Qxf2+ 14. Rxf2 Ne7 15. Raf1 Ng6 16. Nb5 Rac8 17. Nxa7 Ra8 18. Nb5 Rxa2 19. Nxc7 Bc6 20. e5 dxe5 21. Bxg6 hxg6 22.
Nxe6 Re8 23. Nc7 Rc8 24. Rxf7 Rxb2 25. d5 Ba4 26. Ne6 1-0

[Event "*** Titled Tuesday Blitz"]
[Site "Chess.com"]
[Date "2021.02.02"]
[Round "9"]
[White "Chuchofrio1"]
[Black "Vusatiuk_Vladimir"]
[Result "0-1"]
[WhiteElo "2268"]
[BlackElo "2390"]
[TimeControl "180+1"]
[EndTime "11:42:59 PST"]
[Termination "Vusatiuk_Vladimir won by resignation"]

1. e4 c5 2. Nc3 e6 3. g3 g6 4. Bg2 Bg7 5. f4 Ne7 6. Nf3 d5 7. d3 dxe4 8. O-O exf3 9. Bxf3 Nbc6 10. Ne4 b6 11. g4 Bb7 12. Qe1 Nd4 13. Bd1 Qc7 14. Qh4 h5 15. Nf6+ Bxf6 16. Qxf6 O-O-O 17. g5 Qc6 18. Kf2 Nd5 19. Qe5 Nb4 20. c3 Qg2+ 21. Ke1 Nbc2+ 22. Bxc2 Nxc2+ 23. Kd1 Rxd3+ 0-1

[Event "*** Titled Tuesday Blitz"]
[Site "Chess.com"]
[Date "2021.02.02"]
[Round "9"]
[White "IDontWannaRecognized"]
[Black "Savagelittlemole"]
[Result "0-1"]
[WhiteElo "2287"]
[BlackElo "2461"]
[TimeControl "180+1"]
[EndTime "11:43:09 PST"]
[Termination "Savagelittlemole won on time"]

1. d4 Nf6 2. Bf4 g6 3. Nc3 Bg7 4. e4 O-O 5. Qd2 d5 6. e5 Ne4 7. Nxe4 dxe4 8. Bh6 c5 9. c3 cxd4 10. cxd4 Nc6 11. Bxg7 Kxg7 12. Ne2 Bg4 13. Rd1 Qb6 14. Qf4 Bxe2 15. Bxe2 Nxd4 16. Qxe4 Qa5+ 17. Rd2 Rfd8 0-1

[Event "*** Titled Tuesday Blitz"]
[Site "Chess.com"]
[Date "2021.02.02"]
[Round "9"]
[White "Etud-otradnoe"]
[Black "LubovMarkelova"]
[Result "1-0"]
[WhiteElo "2362"]
[BlackElo "2244"]
[TimeControl "180+1"]
[EndTime "11:43:11 PST"]
[Termination "Etud-otradnoe won by resignation"]

1. e4 e6 2. Nf3 d5 3. Nc3 d4 4.
Ne2 c5 5. c3 Nf6 6. e5 Nfd7 7.
cxd4 cxd4 8. Nexd4 Nxe5 9. Bb5+ Nec6 10. O-O Bd7 11. Nc2 Bd6 12. d4 O-O 13. Qe2 a6 14. Bd3 Nb4 15. Nxb4 Bxb4 16. Qe4 f5 17. Qxb7 Nc6 18.
Bg5 Be7 19. Bxe7 Qxe7 20. Rfe1 Rfb8 21. Qc7 Ra7 22. Qf4 Rxb2 23. d5 e5 24. dxc6 exf4 25. Rxe7 1-0

[Event "*** Titled Tuesday Blitz"]
[Site "Chess.com"]
[Date "2021.02.02"]
[Round "9"]
[White "cassoulet"]
[Black "TokChess"]
[Result "0-1"]
[WhiteElo "2735"]
[BlackElo "2515"]
[TimeControl "180+1"]
[EndTime "11:43:13 PST"]
[Termination "TokChess won by checkmate"]

1. e4 c5 2. Nf3 e6 3. g3 Nc6 4. Bg2 d6 5. O-O Nf6 6. Re1 Be7 7. c3 O-O 8. d4 cxd4 9. cxd4 e5 10. d5 Nb4 11. a3 Na6 12. b4 Nc7 13. Nc3 Bd7 14.
h3 Nb5 15. Nxb5 Bxb5 16. a4 Bd7 17. g4 Rc8 18. Ba3 Qb6 19. b5 Rfe8 20. g5 Nh5 21. Nxe5 dxe5 22. Bxe7 Nf4 23. Bb4 Bxh3 24. Bf3 Qg6 25.
Kh2 Qxg5 26. Rg1 Qh4 27. Rg3 Bg2+ 28. Kg1 Qh1# 0-1

[Event "*** Titled Tuesday Blitz"]
[Site "Chess.com"]
[Date "2021.02.02"]
[Round "9"]
[White "Matols"]
[Black "canary2016"]
[Result "1-0"]
[WhiteElo "2274"]
[BlackElo "2032"]
[TimeControl "180+1"]
[EndTime "11:43:19 PST"]
[Termination "Matols won by checkmate"]

1. d4 Nf6 2. c4 e6 3. g3 Bb4+ 4.
Bd2 Bxd2+ 5. Nxd2 O-O 6. e4 b6 7. Bg2 Bb7 8. Ne2 d5 9. cxd5 exd5 10. e5 Nfd7 11. O-O c5 12. Nc4 cxd4 13. Nd6 Bc6 14. f4 Nc5 15. Nxd4 Ba4 16. b3 Bc6 17. Nxc6 Nxc6 18. Bxd5 Qc7 19. Qf3 Nd4 20. Qf2 Nc6 21. Qg2 Rac8 22. Nxc8 Rxc8 23. Bxc6 Qxc6 24. Qxc6 Rxc6 25. Rfd1 h6 26. Rac1 Re6 27. b4 Na4 28. Rd8+ Kh7 29. Rc7 a5 30. bxa5 bxa5 31. Rxf7 Rc6 32. Rdd7 Rc1+ 33. Kg2 Rc2+ 34. Kh3 Rxa2 35.
Rxg7+ Kh8 36. Rge7 Nc3 37. Re8# 1-0

[Event "*** Titled Tuesday Blitz"]
[Site "Chess.com"]
[Date "2021.02.02"]
[Round "9"]
[White "tk22h"]
[Black "rachidhuilda"]
[Result "1-0"]
[WhiteElo "2350"]
[BlackElo "2216"]
[TimeControl "180+1"]
[EndTime "11:43:24 PST"]
[Termination "tk22h won by checkmate"]

1. c4 c6 2. e4 d5 3. exd5 cxd5 4. cxd5 Nf6 5. Nc3 g6 6. Nf3 Bg7 7. Bc4 O-O 8. O-O Nbd7 9. Re1 Nb6 10. Bb3 Re8 11.
d4 Nbxd5 12. Bg5 Bg4 13. h3 Be6 14. Rxe6 fxe6 15. Ne5 a5 16. Qf3 Rf8 17. Re1 Kh8 18. Qg3 Nxc3 19. bxc3 Qd6 20. Qh4 Kg8 21. Nxg6 hxg6 22.
Rxe6 Qxe6 23. Bxe6+ Rf7 24. Bxf6 exf6 25. Qg4 Re8 26. d5 f5 27. Qxg6 Kf8 28. Qxf7# 1-0

[Event "*** Titled Tuesday Blitz"]
[Site "Chess.com"]
[Date "2021.02.02"]
[Round "9"]
[White "TeukkaSalama"]
[Black "TimKett"]
[Result "1-0"]
[WhiteElo "2367"]
[BlackElo "2191"]
[TimeControl "180+1"]
[EndTime "11:43:27 PST"]
[Termination "TeukkaSalama won by resignation"]

1. d4 d5 2. Bf4 e6 3. e3 c5 4. c3 Nc6 5. Nd2 Nf6 6. Ngf3 Bd6 7. Bg3 O-O 8. Bd3 Qe7 9. Ne5 Nd7 10. Nxd7 Bxd7 11. Bxd6 Qxd6 12. dxc5 Qxc5 13. Bxh7+ Kxh7 14. Qh5+ Kg8 15. Ne4 Qc4 16. Ng5 Rfe8 17. Qxf7+ Kh8 18. Qh5+ Kg8 19. Rd1 Ne5 20. Rd4 Nd3+ 21. Kd2 1-0

[Event "*** Titled Tuesday Blitz"]
[Site "Chess.com"]
[Date "2021.02.02"]
[Round "9"]
[White "Ziyamammadov"]
[Black "Joseacorrea"]
[Result "0-1"]
[WhiteElo "1746"]
[BlackElo "2019"]
[TimeControl "180+1"]
[EndTime "11:43:28 PST"]
[Termination "Joseacorrea won by resignation"]

1. e4 c5 2. Nf3 Nc6 3. d4 cxd4 4. Nxd4 g6 5. Nc3 Bg7 6. Be3 Nf6 7. f3 O-O 8. Qd2 d5 9. exd5 Nxd5 10. Nxc6 bxc6 11.
O-O-O Be6 12. Nxd5 Bxd5 13. a3 Qc7 14. c4 Be6 15. Bd4 Rfd8 16. Qc3 Rxd4 17. Rxd4 c5 18.
Qd3 cxd4 19. Be2 Rc8 20. b3 a5 21. Kb2 Bf5 22. Qd2 d3+ 23. Ka2 dxe2 24. Qxe2 Qe5 25. Qd2 Qd4 26. Qxd4 Bxd4 27. Rd1 Bf6 28. Rd5 a4 29. bxa4 Rxc4 30. a5 0-1

[Event "*** Titled Tuesday Blitz"]
[Site "Chess.com"]
[Date "2021.02.02"]
[Round "9"]
[White "mr65"]
[Black "Taran2004"]
[Result "0-1"]
[WhiteElo "2092"]
[BlackElo "2153"]
[TimeControl "180+1"]
[EndTime "11:43:30 PST"]
[Termination "Taran2004 won by resignation"]

1. e4 c5 2. d4 cxd4 3. c3 Nf6 4. e5 Nd5 5. Bc4 Nb6 6. Bb3 Nc6 7. Nf3 d5 8. exd6 Qxd6 9. O-O Bg4 10. h3 Bh5 11. g4 Bg6 12. Nxd4 Nxd4 13. Qxd4 Qxd4 14. cxd4 e6 15. f4 Be4 16. Nc3 Bc6 17. d5 Nxd5 18. Nxd5 Bxd5 19. Bxd5 exd5 20. Re1+ Kd7 21. b3 Bc5+ 22. Kg2 Rhe8 23. Rd1 Re2+ 24. Kf3 Rae8 25. g5 Rh2 26. Rxd5+ Kc6 27. Re5 Rxe5 28. fxe5 Rxh3+ 29. Kg4 Rh1 30. Bb2 Rxa1 31. Bxa1 g6 32. Bc3 Kd5 33. Kf3 Bd4 0-1

[Event "*** Titled Tuesday Blitz"]
[Site "Chess.com"]
[Date "2021.02.02"]
[Round "9"]
[White "serhanberat_ozdemir"]
[Black "GigaQuparadze"]
[Result "0-1"]
[WhiteElo "2456"]
[BlackElo "2964"]
[TimeControl "180+1"]
[EndTime "11:43:32 PST"]
[Termination "GigaQuparadze won by resignation"]

1. e4 c5 2. Nf3 e6 3. c3 d5 4.
exd5 Qxd5 5. d4 Nc6 6. Bd3 cxd4 7.
cxd4 Nf6 8. O-O Be7 9. Nc3 Qd8 10. Be3 O-O 11. a3 b6 12. Rc1 Bb7 13. Qe2 Rc8 14. Rfd1 Nb8 15. Ne5 Nd5 16. Qh5 f5 17. Bb1 Nxc3 18.
Rxc3 Rxc3 19. bxc3 Qd5 20. f3 Qb3 21. Re1 Qxc3 22.
Bf2 Bd5 23. f4 Bf6 24. g4 Bxe5 25. Rxe5 Qf3 26. Kf1 Nc6 27. Rxd5 Qxd5 28. gxf5 Qb5+ 29. Kg2 Qxb1 30. fxe6 Qe4+ 0-1

[Event "*** Titled Tuesday Blitz"]
[Site "Chess.com"]
[Date "2021.02.02"]
[Round "9"]
[White "Nikolaj_6"]
[Black "shaheus"]
[Result "1-0"]
[WhiteElo "2603"]
[BlackElo "2404"]
[TimeControl "180+1"]
[EndTime "11:43:33 PST"]
[Termination "Nikolaj_6 won by resignation"]

1. e4 c5 2. Nc3 Nc6 3. d3 g6 4.
Be3 d6 5. Qd2 Bg7 6. Nge2 Nf6 7.
Bh6 O-O 8. Bxg7 Kxg7 9. h4 h6 10. d4 cxd4 11. Nxd4 Qb6 12. Nb3 a5 13. a4 Be6 14.
Bb5 Rfd8 15. O-O-O Rac8 16. Kb1 Ne5 17. Nd4 Rxc3 18. Qxc3 Nxe4 19. Qe3 Nf6 20. Nxe6+ fxe6 21. Qxb6 1-0

[Event "*** Titled Tuesday Blitz"]
[Site "Chess.com"]
[Date "2021.02.02"]
[Round "9"]
[White "muchojogo"]
[Black "Aygehovit1992"]
[Result "0-1"]
[WhiteElo "2480"]
[BlackElo "2624"]
[TimeControl "180+1"]
[EndTime "11:43:38 PST"]
[Termination "Aygehovit1992 won by resignation"]

1. e4 c5 2. Nf3 d6 3. d4 cxd4 4. Nxd4 Nf6 5. Nc3 g6 6. Be3 Nc6 7. f3 h5 8. Qd2 Nxd4 9. Bxd4 Bh6 10. Be3 Bxe3 11. Qxe3 Qa5 12. O-O-O Be6 13. Kb1 Rc8 14. a3 O-O 15. Be2 Rc7 16. Bd3 Rxc3 17. bxc3 Qxa3 18. Qd4 Ba2+ 19. Ka1 Bc4+ 20. Kb1 b5 21. f4 Rb8 22. e5 b4 0-1

[Event "*** Titled Tuesday Blitz"]
[Site "Chess.com"]
[Date "2021.02.02"]
[Round "9"]
[White "milenapn"]
[Black "Ariadna_Atreides"]
[Result "0-1"]
[WhiteElo "2049"]
[BlackElo "2186"]
[TimeControl "180+1"]
[EndTime "11:43:38 PST"]
[Termination "Ariadna_Atreides won by resignation"]

1. e4 c5 2. Nf3 d6 3. d4 cxd4 4. Nxd4 Nf6 5. Nc3 Nc6 6. Bg5 e6 7. Qd2 a6 8. O-O-O Bd7 9. f3 b5 10. g4 Be7 11. Nxc6 Bxc6 12. Ne2 Qc7 13. Nd4 Bd7 14. h4 Rc8 15. h5 h6 16. Be3 d5 17.
Bd3 dxe4 18. fxe4 Nxg4 19. Bf4 e5 20. Bg3 Qb6 21. Nf5 Bg5 22. Nxg7+ Kf8 0-1

[Event "*** Titled Tuesday Blitz"]
[Site "Chess.com"]
[Date "2021.02.02"]
[Round "9"]
[White "BvsN"]
[Black "andy_rekt"]
[Result "1-0"]
[WhiteElo "2380"]
[BlackElo "2243"]
[TimeControl "180+1"]
[EndTime "11:43:39 PST"]
[Termination "BvsN won by resignation"]

1. c4 e5 2. Nc3 Nf6 3. Nf3 Nc6 4. e3 Bb4 5. Qc2 O-O 6. Nd5 Bd6 7. Ng5 g6 8. h4 Nxd5 9. cxd5 Ne7 10. Bc4 c6 11. dxc6 dxc6 12. Qb3 Qe8 13. Ne4 Qd8 14. Ng5 Qe8 15.
h5 b5 16. Be2 h6 17. Ne4 Qd8 18. hxg6 Be6 19. Qd3 Bc7 20. gxf7+ Rxf7 21. Rxh6 Qxd3 22. Bxd3 Nf5 23. Rxe6 1-0

[Event "*** Titled Tuesday Blitz"]
[Site "Chess.com"]
[Date "2021.02.02"]
[Round "9"]
[White "picturesquecheck"]
[Black "hleol"]
[Result "0-1"]
[WhiteElo "2222"]
[BlackElo "2411"]
[TimeControl "180+1"]
[EndTime "11:43:40 PST"]
[Termination "hleol won by resignation"]

1. e4 c6 2. d4 d5 3. Nd2 dxe4 4. Nxe4 Bf5 5. Ng3 Bg6 6. h4 h6 7. Nf3 Nd7 8. h5 Bh7 9. Bd3 Bxd3 10. Qxd3 e6 11. Bd2 Ngf6 12. O-O-O Qc7 13. Ne4 O-O-O 14. g3 Nxe4 15. Qxe4 Nf6 16. Qe2 Bd6 17. Kb1 Rd7 18.
c4 c5 19. Bc3 cxd4 20. Nxd4 a6 21. Nb3 Rhd8 22. Rc1 Bc5 23. Rh4 Rd3 24. Be5 Qc6 25.
Bf4 Qe4 26. Qxe4 Nxe4 27. Bxh6 gxh6 28. Rxe4 Bxf2 29. g4 Be3 30. Re1 Bg5 31. Kc2 Rg3 32. R1e2 Rg1 33. Nd4 Rc1+ 34. Kb3 Rd1 35. Kc3 Bf6 0-1

[Event "*** Titled Tuesday Blitz"]
[Site "Chess.com"]
[Date "2021.02.02"]
[Round "9"]
[White "salomez"]
[Black "Larciano"]
[Result "1-0"]
[WhiteElo "2208"]
[BlackElo "1754"]
[TimeControl "180+1"]
[EndTime "11:43:40 PST"]
[Termination "salomez won by resignation"]

1. e4 e5 2. Nf3 Nc6 3. Bc4 Nf6 4. d4 exd4 5. e5 d5 6. Bb5 Nd7 7. O-O Be7 8. Bxc6 bxc6 9. Nxd4 Nb8 10. f4 c5 11. Nb3 Nc6 12. Nc3 d4 13. Ne4 c4 14.
Nbd2 Ba6 15. Qg4 O-O 16. Nf3 Qd5 17. Nf6+ Bxf6 18. exf6 g6 19. Qh4 Qf5 20. g4 Qe6 21.
Ng5 1-0

[Event "*** Titled Tuesday Blitz"]
[Site "Chess.com"]
[Date "2021.02.02"]
[Round "9"]
[White "Noam_Vitenberg"]
[Black "CakeinSpace2002"]
[Result "1-0"]
[WhiteElo "2508"]
[BlackElo "2374"]
[TimeControl "180+1"]
[EndTime "11:43:41 PST"]
[Termination "Noam_Vitenberg won by resignation"]

1. Nf3 c5 2. g3 g6 3. Bg2 Bg7 4. O-O Nc6 5. e3 Nf6 6. d4 cxd4 7. exd4 d5 8. c3 O-O 9. Bf4 Ne4 10. Nbd2 Bf5 11. Re1 Rc8 12. h3 Nxd2 13. Qxd2 Be4 14. Bh6 e6 15. Qf4 Qf6 16. Qxf6 Bxf6 17. Bxf8 Kxf8 18.
Nd2 Bxg2 19. Kxg2 Na5 20. Rac1 b5 21. Re2 b4 22. Nb3 Nxb3 23. axb3 Bxd4 24. Rec2 bxc3 25. bxc3 Bb6 26. c4 dxc4 27. Rxc4 Rd8 28. Rc8 Rxc8 29. Rxc8+ Ke7 30. Kf3 h5 31. Ke2 Kf6 32. f3 Ke5 33.
Kd3 g5 34. Rh8 Bf2 35. Rxh5 Bxg3 36. Rxg5+ Kf4 37. Rg7 f5 38. Ke2 a5 39. Ra7 Bh2 40. Rxa5 Kg3 41. Ra6 e5 42. Rh6 1-0

[Event "*** Titled Tuesday Blitz"]
[Site "Chess.com"]
[Date "2021.02.02"]
[Round "9"]
[White "Machidon"]
[Black "Jadeit90"]
[Result "1-0"]
[WhiteElo "2565"]
[BlackElo "2426"]
[TimeControl "180+1"]
[EndTime "11:43:44 PST"]
[Termination "Machidon won by resignation"]

1. d4 g6 2. e4 Bg7 3. Nc3 c5 4. d5 d6 5. Nf3 Nf6 6. h3 O-O 7. Be2 e6 8. a4 exd5 9. exd5 Na6 10. O-O Nc7 11. Bg5 h6 12. Bh4 Rb8 13. Nd2 a6 14. a5 b5 15. axb6 Rxb6 16. Nc4 Rb4 17. Ra2 Nb5 18. Bg3 Nxc3 19. bxc3 Rxc4 20. Bxc4 Ne4 21. Qd3 Nxc3 22. Ra3 Bf5 23. Qf3 Ne4 24. Bf4 Qf6 25. Rxa6 g5 26. Be3 Qg6 27. g4 Bc8 28. Ra8 Be5 29. Bd3 f5 30. Rxc8 Rxc8 31. gxf5 Qf6 32.
Bxe4 1-0

[Event "*** Titled Tuesday Blitz"]
[Site "Chess.com"]
[Date "2021.02.02"]
[Round "9"]
[White "ruvat"]
[Black "marvinguevara"]
[Result "1-0"]
[WhiteElo "2327"]
[BlackElo "2146"]
[TimeControl "180+1"]
[EndTime "11:43:47 PST"]
[Termination "ruvat won by checkmate"]

1. d4 f5 2. Nc3 Nf6 3. Bg5 Ne4 4. Nxe4 fxe4 5. e3 d5 6. c4 c6 7. Ne2 Qa5+ 8. Nc3 e6 9. a3 dxc4 10. h4 b5 11. Rc1 Nd7 12. Qh5+ g6 13. Qg4 Nb6 14.
h5 Rg8 15. Qxe4 Nd5 16. hxg6 hxg6 17. Be2 Bxa3 18. Bg4 Bxb2 19. Bxe6 Bxc3+ 20. Kf1 Bxe6 21. Qxe6+ Kf8 22. Rh7 Rg7 23. Rh8+ Rg8 24. Rxg8# 1-0

[Event "*** Titled Tuesday Blitz"]
[Site "Chess.com"]
[Date "2021.02.02"]
[Round "9"]
[White "CraiggoryC"]
[Black "glebus008"]
[Result "0-1"]
[WhiteElo "2120"]
[BlackElo "2264"]
[TimeControl "180+1"]
[EndTime "11:43:52 PST"]
[Termination "glebus008 won by resignation"]

1. e4 e6 2. d4 d5 3. e5 c5 4.
c3 Nc6 5. Nf3 Bd7 6. Be2 Nge7 7.
O-O Nf5 8. dxc5 Bxc5 9. b4 Be7 10.
Bd3 Nh4 11. Nbd2 Nxf3+ 12. Nxf3 O-O 13. Re1 Rc8 14. Re3 f6 15. Bxh7+ Kxh7 16. Ng5+ fxg5 17. Rh3+ Kg8 18. Qh5 Nxe5 19. Qh7+ Kf7 20. Qh5+ Kg8 21. Qh7+ Kf7 22. Qh5+ Ng6 23. Rf3+ Bf6 24. Bxg5 Rh8 25. Bxf6 gxf6 0-1

[Event "*** Titled Tuesday Blitz"]
[Site "Chess.com"]
[Date "2021.02.02"]
[Round "9"]
[White "andriipalchuk"]
[Black "Arvids_Andrejevs"]
[Result "1-0"]
[WhiteElo "2591"]
[BlackElo "2397"]
[TimeControl "180+1"]
[EndTime "11:44:00 PST"]
[Termination "andriipalchuk won by resignation"]

1. e4 e5 2. Nf3 Nc6 3. Bc4 Nf6 4.
Ng5 d5 5. exd5 Nd4 6. c3 b5 7. Bf1 Nxd5 8. cxd4 Qxg5 9. Bxb5+ Kd8 10. Qf3 e4 11. Qxe4 Qe7 12. Qxe7+ Bxe7 13. Bc6 Nb4 14.
Bxa8 Nc2+ 15. Kd1 Nxa1 16. Nc3 Bf5 17. Be4 Bxe4 18. Nxe4 f5 19. Nc3 Bf6 20. b3 Bxd4 21. Bb2 Bxf2 22. Rf1 Bd4 23. Rxf5 Nxb3 24. axb3 1-0

[Event "*** Titled Tuesday Blitz"]
[Site "Chess.com"]
[Date "2021.02.02"]
[Round "9"]
[White "KubaGepard"]
[Black "Sokoloco"]
[Result "1-0"]
[WhiteElo "2353"]
[BlackElo "2465"]
[TimeControl "180+1"]
[EndTime "11:44:05 PST"]
[Termination "KubaGepard won by resignation"]

1. e4 g6 2. d4 Bg7 3. Nc3 d6 4. Be3 a6 5. Qd2 b5 6. a4 b4 7. Nd5 a5 8. h4 h5 9. Nh3 Nd7 10. Ng5 c6 11. Nf4 Ngf6 12. e5 dxe5 13. Nfe6 fxe6 14.
Nxe6 Qb6 15. dxe5 c5 16. Nxg7+ Kf7 17. exf6 Nxf6 18. Bh6 Ba6 19. Bxa6 Qxa6 20. O-O-O Qc6 21. Rhe1 Qxa4 22. Rxe7+ Kxe7 23. Qd6+ Kf7 24. Qe6+ Kf8 25. Nf5+ Rxh6 26. Qe7+ 1-0

[Event "*** Titled Tuesday Blitz"]
[Site "Chess.com"]
[Date "2021.02.02"]
[Round "9"]
[White "bazar-wokzal"]
[Black "chess4ever007"]
[Result "1-0"]
[WhiteElo "2530"]
[BlackElo "2383"]
[TimeControl "180+1"]
[EndTime "11:44:07 PST"]
[Termination "bazar-wokzal won by resignation"]

1. e4 e5 2. Bc4 Nf6 3. d3 c6 4.
Nf3 d5 5. Bb3 Bd6 6. Nc3 d4 7.
Ne2 O-O 8. O-O Be6 9. c3 dxc3 10. bxc3 Bxb3 11. axb3 Nbd7 12. Ng3 Re8 13. Re1 a6 14. Nf5 Bf8 15. Qc2 Nc5 16. Rd1 Qc7 17. Bg5 Nfd7 18.
Bh4 g6 19. Ne3 Ne6 20. Bg3 Nf4 21. Nc4 f6 22. d4 Nh5 23. dxe5 Nxg3 24. hxg3 Nxe5 25.
Ncxe5 fxe5 26. b4 Rad8 27. Ng5 Qe7 28. Qb3+ Kg7 29. Rxd8 Rxd8 30. Ne6+ Kf6 31. Nxd8 Qxd8 1-0

[Event "*** Titled Tuesday Blitz"]
[Site "Chess.com"]
[Date "2021.02.02"]
[Round "9"]
[White "Ze-Pequeno"]
[Black "tteshan"]
[Result "1-0"]
[WhiteElo "2230"]
[BlackElo "2313"]
[TimeControl "180+1"]
[EndTime "11:44:07 PST"]
[Termination "Ze-Pequeno won by resignation"]

1. e4 d5 2. exd5 Qxd5 3. Nc3 Qa5 4. d4 c6 5. Nf3 Nf6 6. Bc4 Bg4 7. h3 Bh5 8. g4 Bg6 9. Bd2 Qc7 10. Ne5 e6 11. h4 Be4 12. Nxe4 Nxe4 13. Be3 Nd7 14.
Nxd7 Qxd7 15. Qf3 Nf6 16. O-O-O O-O-O 17. Kb1 Bd6 18. Bb3 Rhe8 19. g5 Nd5 20. Bd2 Qc7 21.
c4 Ne7 22. c5 Bh2 23. Qxf7 Nf5 24. Bxe6+ Kb8 25. Qxc7+ Bxc7 26. Bxf5 Rxd4 27. Be3 1-0

[Event "*** Titled Tuesday Blitz"]
[Site "Chess.com"]
[Date "2021.02.02"]
[Round "9"]
[White "barriochess"]
[Black "FearNoEvil12"]
[Result "1-0"]
[WhiteElo "2418"]
[BlackElo "2186"]
[TimeControl "180+1"]
[EndTime "11:44:07 PST"]
[Termination "barriochess won by resignation"]

1. e4 a6 2. d4 b5 3. Bd3 Bb7 4. Nf3 e6 5. O-O Nf6 6. Re1 d6 7. a4 b4 8. Nbd2 Nbd7 9. Nf1 h6 10. Ng3 g5 11. d5 Rg8 12. Nd4 e5 13. Ndf5 Bc8 14.
a5 Nc5 15. Bd2 Rb8 16. Qf3 g4 17. Qe2 h5 18. Nf1 Bxf5 19. exf5 Nxd5 20. Bc4 c6 21. Ng3 h4 22. Ne4 Nxe4 23. Qxe4 Qf6 24. Bxd5 cxd5 25. Qxd5 Qxf5 26. c3 g3 27. fxg3 hxg3 28. Rf1 gxh2+ 29. Kh1 Qg6 30. Qc6+ Ke7 31. cxb4 Rc8 32. Qb7+ Kd8 33.
Be3 Qe6 34. Bb6+ Ke8 35. Rac1 Rxc1 36. Rxc1 1-0

[Event "*** Titled Tuesday Blitz"]
[Site "Chess.com"]
[Date "2021.02.02"]
[Round "9"]
[White "isla88"]
[Black "Carnivoras"]
[Result "0-1"]
[WhiteElo "2309"]
[BlackElo "2566"]
[TimeControl "180+1"]
[EndTime "11:44:10 PST"]
[Termination "Carnivoras won by resignation"]

1. d4 d5 2. Nc3 Nf6 3. Bf4 e6 4. e3 Bd6 5. Nf3 O-O 6. Ne5 c5 7. dxc5 Bxc5 8. Bd3 Nc6 9. Nxc6 bxc6 10. Bg5 h6 11.
Bh4 Rb8 12. Rb1 e5 13. e4 Be6 14. O-O d4 15. Na4 Be7 16. b3 Nd7 17. Bg3 Bh4 18. Qh5 Bxg3 19. fxg3 Qg5 20. Qxg5 hxg5 21. Nb2 f6 22. Bc4 Bxc4 23. Nxc4 Nb6 24. Na5 Rbc8 25. Rbc1 c5 26. c3 Rfd8 27. Rfd1 Rd7 28. Kf2 Kf7 29. Ke2 Ke6 30. g4 Rdc7 31. cxd4 cxd4 32. Kd3 Rxc1 0-1